 Dungeon Crawl Stone Soup version 0.21.1-1-g345015f (webtiles) character file.

352 Fang the Chopper (level 6, 0/39 HPs)
             Began as a Gargoyle Berserker on May 22, 2018.
             Was a Believer of Trog.
             Slain by an ufetubus (3 damage)
             ... summoned by Eustachio
             ... on level 4 of the Dungeon.
             The game lasted 00:04:18 (3194 turns).

Fang the Chopper (Gargoyle Berserker)               Turns: 3194, Time: 00:04:20

Health: 0/39       AC:  9    Str: 23    XL:     6   Next: 62%
Magic:  6/6        EV: 14    Int:  7    God:    Trog [**....]
Gold:   137        SH:  0    Dex:  9    Spells: 5/5 levels left

rFire    . . .     SeeInvis .   a - +0 hand axe
rCold    . . .     Gourm    .   (no shield)
rNeg     + . .     Faith    .   b - +0 animal skin
rPois    ∞         Spirit   .   (no helmet)
rElec    +         Reflect  .   r - +2 cloak
rCorr    .         Harm     .   (no gloves)
MR       .....                  (no boots)
Stlth    +.........             (no amulet)
HPRegen  0.13/turn              j - +1 ring of evasion
MPRegen  0.10/turn              (no ring)

@: berserk cooldown, slowed, very slow
A: negative energy resistance 1, electricity resistance, unbreathing,
petrification resistance, rot immunity, AC +4
a: Berserk, Trog's Hand, Burn Spellbooks, Renounce Religion


You were on level 4 of the Dungeon.
You worshipped Trog.
Trog was pleased with you.
You were hungry.

You visited 1 branch of the dungeon, and saw 4 of its levels.

You collected 137 gold pieces.

Inventory:

Hand Weapons
 a - a +0 hand axe (weapon)
Armour
 b - a +0 animal skin (worn)
 r - a +2 cloak (worn)
Jewellery
 j - a +1 ring of evasion (left hand)
Wands
 s - a wand of acid (4)
 t - a wand of paralysis (10)
Scrolls
 k - 2 scrolls of blinking {unknown}
 m - a scroll of identify
 n - 2 scrolls of magic mapping {unknown}
 o - 3 scrolls of fear {unknown}
 p - a scroll of teleportation {unknown}
 q - a scroll of immolation {unknown}
Potions
 d - a potion of lignification {unknown}
 f - 3 potions of berserk rage
 g - a potion of degeneration {unknown}
 i - a potion of flight {unknown}
 l - a potion of agility {unknown}
 u - a potion of curing
Comestibles
 c - 5 rations


   Skills:
 + Level 4.3 Fighting
 + Level 5.2 Axes
 + Level 2.3 Armour
 + Level 3.1 Dodging
 + Level 0.6 Stealth


You had 5 spell levels left.
You didn't know any spells.

Dungeon Overview and Level Annotations

Branches:
Dungeon (4/15)
 Temple: D:4-7

Altars:

Annotations:
D:3 2 transporters
D:4 Eustachio


Innate Abilities, Weirdness & Mutations

You are resistant to torment.
Your stone body is resilient. (AC +4)
You are immune to poison.
You resist negative energy. (rN+)
You are resistant to electric shocks. (rElec)
You can survive without breathing.
You are immune to petrification.
You are immune to rotting.


Message History

The quasit barely misses you.
The quasit claws you but does no damage. x2
The iron imp completely misses you. The ufetubus closely misses you.
The ufetubus barely misses you.
Unknown command.
As you read the scroll labeled DIOP UTO FIOL, it crumbles to dust.
It is a scroll of identify.
f - 3 potions of berserk rage The ufetubus hits you.
* * * LOW HITPOINT WARNING * * *
The ufetubus closely misses you.
The quasit bites you but does no damage.
The quasit claws you but does no damage. x2
The ufetubus hits you but does no damage.
The ufetubus closely misses you. The iron imp barely misses you.
The quasit bites you but does no damage.
The quasit closely misses you. The quasit barely misses you.
Eustachio gestures wildly while chanting.
Eustachio blinks!
The ufetubus hits you.
You die...

..# ##†.<#
#.###.###.#
#.#.## ##
#.## ## #
#.# ##. #.
#.# .. ..
#†# §#
#.#.#####5#
#.[.)§§5@5#
#.#.#######
..##.. #.#
#... #.
#.##. # ..#
.. ### ..
##


You could see an iron imp, a quasit and an ufetubus.

Vanquished Creatures
  A howler monkey (D:4)
  A hound (D:4)
  Crazy Yiuf (D:2)
  Ijyb (D:3)
  Natasha (thrice) (D:2)
  8 adders
  A worm (D:2)
  A dart slug (D:1)
  7 leopard geckos
  3 giant cockroaches
  13 goblins
  7 hobgoblins
  11 jackals
  3 kobolds
  2 quokkas (D:2)
  9 bats
  6 frilled lizards
  A rat (D:2)
79 creatures vanquished.

Notes
Turn   | Place    | Note
-------+----------+-------------------------------------------
     0 | D:1      | Fang the Gargoyle Berserker began the quest for the Orb.
     0 | D:1      | Reached XP level 1. HP: 14/14 MP: 1/1
   303 | D:1      | Reached XP level 2. HP: 11/19 MP: 2/2
   310 | D:1      | Reached skill level 3 in Axes
   526 | D:1      | Reached XP level 3. HP: 23/24 MP: 3/3
  1132 | D:2      | Noticed Natasha
  1139 | D:2      | Killed Natasha
  1139 | D:2      | Reached ** piety under Trog
  1146 | D:2      | Reached XP level 4. HP: 29/29 MP: 4/4
  1379 | D:2      | Noticed Natasha
  1388 | D:2      | Killed Natasha
  1403 | D:2      | HP: 1/29 [jackal (3)]
  1794 | D:2      | Reached skill level 4 in Axes
  1822 | D:2      | Reached XP level 5. HP: 30/33 MP: 5/5
  1885 | D:2      | Found a runed door.
  2086 | D:2      | Noticed Natasha
  2096 | D:2      | Killed Natasha
  2401 | D:2      | Noticed Crazy Yiuf
  2410 | D:2      | Killed Crazy Yiuf
  2569 | D:3      | Found a faded altar of an unknown god.
  2599 | D:3      | Reached XP level 6. HP: 38/38 MP: 6/6
  2829 | D:3      | Found a transporter.
  2834 | D:3      | Noticed Ijyb
  2841 | D:3      | Paralysed by Ijyb for 2 turns
  2855 | D:3      | Killed Ijyb
  2876 | D:3      | Found a transporter.
  3148 | D:4      | Reached skill level 5 in Axes
  3167 | D:4      | Noticed Eustachio
  3194 | D:4      | Slain by an ufetubus

Skill      XL: |  1  2  3  4  5  6 |
---------------+-------------------+-----
Axes           | 3 4 5 |  5.2
Dodging        | 2 3 |  3.1
Fighting       | 4 |  4.3
Armour         | |  2.3
Stealth        | |  0.6

Action                   |  1- 3 |  4- 6 || total
-------------------------+-------+-------++-------
Melee: Hand axe          |    93 |   215 ||   308
Invok: Berserk           |     2 |     5 ||     7
  Use: Scroll            |       |     3 ||     3
  Eat: Chunk             |     1 |     6 ||     7
       Ration            |       |     2 ||     2
Armor: Animal skin       |    57 |    84 ||   141
Dodge: Dodged            |   108 |   155 ||   263
